HS
AMERICAN HERITAGE HS PATRIOTS @ CULLMAN HS CAVALIERS
03/09/2060
 
TOP OF THE 1ST
American Heritage HS Patriots batting - Pitching for Cullman HS Cavaliers : LHP Phil Kiernan
Pitching: LHP Phil Kiernan
Batting: RHB Avery Pelham 0-0: Called Strike
0-1: Ball
1-1: Foul Ball, location: 2F
1-2: Fly out, F4 (Popup, 4M, EV 58.8 MPH)
Batting: RHB Colton Corbett 0-0: Called Strike
0-1: Called Strike
0-2: Foul Ball, location: 2F
0-2: Foul Ball, location: 2F
0-2: Ball
1-2: SINGLE (Groundball, 34D, EV 91.2 MPH) (infield hit)
Batting: LHB Seth Riddle 0-0: Foul Ball, location: 2F
0-1: Ball
1-1: Foul Ball, location: 2F
1-2: Strikes out swinging
Batting: RHB Randy Connor 0-0: Ball
1-0: Fly out, F9 (Flyball, 89M, EV 87.5 MPH)
Top of the 1st over - 0 runs, 1 hit, 0 errors, 1 left on base; American Heritage HS 0 - Cullman HS 0
BOTTOM OF THE 1ST
Cullman HS Cavaliers batting - Pitching for American Heritage HS Patriots : RHP Triston Garner
Pitching: RHP Triston Garner
Batting: LHB Clark Norrell 0-0: Ball
1-0: Foul Ball, location: 2F
1-1: Foul Ball, location: 2F
1-2: Foul Ball, location: 2F
1-2: Fly out, F9 (Flyball, 9, EV 84.4 MPH)
Batting: SHB Julian Gilmour 0-0: Foul Ball, location: 2F
0-1: TRIPLE (Flyball, 9LD, EV 105.0 MPH)
Batting: LHB Chris Johnson 0-0: Ball
1-0: Called Strike
1-1: Ball
2-1: Ball
3-1: Foul Ball, location: 2F
3-2: Base on Balls
Batting: LHB Phil Whitney 0-0: Called Strike
0-1: Swinging Strike
0-2: Fly out, F8 (Flyball, 8LD, EV 86.9 MPH)
Runner from 3rd tags up, SCORES, throw by CF
Batting: RHB Max Grady 0-0: Ball
1-0: Ball
2-0: Foul Ball, location: 2F
2-1: Foul Ball, location: 2F
2-2: Ball
3-2: SINGLE (Groundball, 34D, EV 98.1 MPH)
Chris Johnson to second
Chris Johnson to third
Batting: RHB Randall Huerta 0-0: Foul Ball, location: 2F
0-1: Swinging Strike
0-2: Ball
1-2: Ball
2-2: Hit by Pitch
Max Grady to second
Batting: SHB Joe Harkins 0-0: Ball
1-0: Foul Ball, location: 2F
1-1: Swinging Strike
1-2: Foul Ball, location: 2F
1-2: Ground out 4-3 (Groundball, 4, EV 83.1 MPH)
Bottom of the 1st over - 1 run, 2 hits, 0 errors, 3 left on base; American Heritage HS 0 - Cullman HS 1
TOP OF THE 2ND
American Heritage HS Patriots batting - Pitching for Cullman HS Cavaliers : LHP Phil Kiernan
Batting: LHB Johnathon Moore 0-0: Foul Ball, location: 2F
0-1: Ball
1-1: Fly out, F3 (Line Drive, 3, EV 65.0 MPH)
Batting: RHB Teaghan Munoz 0-0: Ball
1-0: Foul Ball, location: 2F
1-1: Called Strike
1-2: Strikes out swinging
Batting: LHB Drew Kelly 0-0: Called Strike
0-1: Called Strike
0-2: Ball
1-2: Strikes out looking
Top of the 2nd over - 0 runs, 0 hits, 0 errors, 0 left on base; American Heritage HS 0 - Cullman HS 1
BOTTOM OF THE 2ND
Cullman HS Cavaliers batting - Pitching for American Heritage HS Patriots : RHP Triston Garner
Batting: RHB Joel Sullivan 0-0: Foul Ball, location: 2F
0-1: Ball
1-1: Called Strike
1-2: Strikes out looking
Batting: RHB Ricky Potthoff 0-0: Called Strike
0-1: Ball
1-1: Foul Ball, location: 2F
1-2: Ball
2-2: Ball
3-2: Base on Balls
Batting: LHB Clark Norrell 0-0: Called Strike
0-1: Foul Ball, location: 2F
0-2: Foul Ball, location: 2F
0-2: Fielders Choice at 2nd, 5-4 (Groundball, 56, EV 93.8 MPH)
Batting: SHB Julian Gilmour 0-0: Fly out, F7 (Line Drive, 7LS, EV 88.1 MPH)
Bottom of the 2nd over - 0 runs, 0 hits, 0 errors, 1 left on base; American Heritage HS 0 - Cullman HS 1
TOP OF THE 3RD
American Heritage HS Patriots batting - Pitching for Cullman HS Cavaliers : LHP Phil Kiernan
Batting: RHB Thomas Grant 0-0: Ground out 1-3 (Groundball, 13S, EV 76.2 MPH)
Batting: RHB Seth Cole 0-0: Called Strike
0-1: Fly out, F8 (Flyball, 8LM, EV 89.4 MPH)
Batting: RHB Avery Pelham 0-0: Ball
1-0: Foul Ball, location: 2F
1-1: Ball
2-1: Swinging Strike
2-2: Foul Ball, location: 2F
2-2: Ball
3-2: Base on Balls
Batting: RHB Colton Corbett 0-0: Ball
Avery Pelham steals 2nd base
1-0: Ball
2-0: Called Strike
2-1: Foul Ball, location: 2F
2-2: Fly out, F9 (Flyball, 9, EV 80.0 MPH)
Top of the 3rd over - 0 runs, 0 hits, 0 errors, 1 left on base; American Heritage HS 0 - Cullman HS 1
BOTTOM OF THE 3RD
Cullman HS Cavaliers batting - Pitching for American Heritage HS Patriots : RHP Triston Garner
Batting: LHB Chris Johnson 0-0: SINGLE (Line Drive, 8RS, EV 87.5 MPH)
Batting: LHB Phil Whitney 0-0: Ball
1-0: Swinging Strike
1-1: Ball
2-1: 2-RUN HOME RUN (Flyball, 9D, EV 104.4 MPH), Distance : 374 ft
Batting: RHB Max Grady 0-0: Ball
1-0: Ball
2-0: SOLO HOME RUN (Flyball, 78XD, EV 110.0 MPH), Distance : 447 ft
Batting: RHB Randall Huerta 0-0: Fly out, F8 (Flyball, 8RD, EV 99.4 MPH)
Batting: SHB Joe Harkins 0-0: Ball
1-0: Ball
2-0: Swinging Strike
2-1: Ball
3-1: Base on Balls
Batting: RHB Joel Sullivan 0-0: SINGLE (Groundball, 56D, EV 105.6 MPH)
Joe Harkins to second
Batting: RHB Ricky Potthoff 0-0: Foul Ball, location: 2F
0-1: Grounds into double play, 1-6-3 (Groundball, 13, EV 68.1 MPH)
Bottom of the 3rd over - 3 runs, 4 hits, 0 errors, 1 left on base; American Heritage HS 0 - Cullman HS 4
TOP OF THE 4TH
American Heritage HS Patriots batting - Pitching for Cullman HS Cavaliers : LHP Phil Kiernan
Batting: LHB Seth Riddle 0-0: Ball
1-0: Foul Ball, location: 2F
1-1: SINGLE (Groundball, 4D, EV 95.6 MPH)
Batting: RHB Randy Connor 0-0: Called Strike
0-1: Ball
1-1: Fielders Choice at 2nd, 4-6 (Groundball, 4M, EV 109.4 MPH)
Batting: LHB Johnathon Moore 0-0: Called Strike
0-1: Called Strike
0-2: Ball
1-2: Ball
2-2: Fly out, F9 (Line Drive, 9, EV 94.4 MPH)
Batting: RHB Teaghan Munoz 0-0: Called Strike
0-1: Ball
1-1: Ball
2-1: Called Strike
2-2: Strikes out swinging
Top of the 4th over - 0 runs, 1 hit, 0 errors, 1 left on base; American Heritage HS 0 - Cullman HS 4
BOTTOM OF THE 4TH
Cullman HS Cavaliers batting - Pitching for American Heritage HS Patriots : RHP Triston Garner
Batting: LHB Clark Norrell 0-0: Ball
1-0: Ball
2-0: Called Strike
2-1: Called Strike
2-2: Ball
3-2: Base on Balls
Batting: SHB Julian Gilmour 0-0: Ball
Clark Norrell is caught stealing 2nd base 2-6
1-0: Ball
2-0: Fly out, F7 (Flyball, 7S, EV 82.5 MPH)
Batting: LHB Chris Johnson 0-0: Foul Ball, location: 2F
0-1: SINGLE (Line Drive, 5D, EV 94.4 MPH)
Pitching: RHP Ed Perry
Batting: LHB Phil Whitney 0-0: Ball
1-0: Foul Ball, location: 2F
1-1: Ball
2-1: Foul Ball, location: 2F
2-2: Ball
3-2: Base on Balls
Chris Johnson to second
Batting: RHB Max Grady 0-0: Called Strike
0-1: Ball
1-1: Foul Ball, location: 2F
1-2: Foul Ball, location: 2F
1-2: Ball
2-2: 3-RUN HOME RUN (Line Drive, 9D, EV 103.1 MPH), Distance : 401 ft
Batting: RHB Randall Huerta 0-0: Ball
1-0: Called Strike
1-1: Called Strike
1-2: Foul Ball, location: 2F
1-2: Ball
2-2: Ball
3-2: Base on Balls
Batting: SHB Joe Harkins 0-0: Swinging Strike
0-1: Ball
1-1: Called Strike
1-2: Strikes out swinging
Bottom of the 4th over - 3 runs, 2 hits, 0 errors, 1 left on base; American Heritage HS 0 - Cullman HS 7
TOP OF THE 5TH
American Heritage HS Patriots batting - Pitching for Cullman HS Cavaliers : LHP Phil Kiernan
Batting: LHB Drew Kelly 0-0: Ball
1-0: Ball
2-0: Called Strike
2-1: Foul Ball, location: 2F
2-2: Strikes out swinging
Batting: RHB Thomas Grant 0-0: Called Strike
0-1: SOLO HOME RUN (Flyball, 78XD, EV 106.2 MPH), Distance : 440 ft
Batting: RHB Seth Cole 0-0: SOLO HOME RUN (Flyball, 9LD, EV 94.4 MPH), Distance : 348 ft
Batting: RHB Avery Pelham 0-0: Called Strike
0-1: Ball
1-1: Ball
2-1: Swinging Strike
2-2: SINGLE (Flyball, 89S, EV 98.1 MPH)
Batting: RHB Colton Corbett 0-0: Foul Ball, location: 2F
0-1: Swinging Strike
0-2: Foul Ball, location: 2F
0-2: TRIPLE (Line Drive, 89XD, EV 101.9 MPH)
Avery Pelham scores
Batting: LHB Seth Riddle 0-0: Ball
1-0: Swinging Strike
1-1: Ball
2-1: Fly out, F8 (Flyball, 78M, EV 80.6 MPH)
Runner from 3rd tags up, SCORES, throw by CF
Batting: RHB Randy Connor 0-0: Ball
1-0: SOLO HOME RUN (Flyball, 7LD, EV 96.2 MPH), Distance : 344 ft
Pitching: RHP Chase Bezy
Batting: LHB Johnathon Moore 0-0: SINGLE (Line Drive, 9S, EV 98.1 MPH)
Batting: RHB Teaghan Munoz 0-0: Foul Ball, location: 2F
0-1: Ground out U3 (Groundball, 3S, EV 83.8 MPH)
Top of the 5th over - 5 runs, 6 hits, 0 errors, 1 left on base; American Heritage HS 5 - Cullman HS 7
BOTTOM OF THE 5TH
Cullman HS Cavaliers batting - Pitching for American Heritage HS Patriots : RHP Ed Perry
Batting: RHB Joel Sullivan 0-0: Ball
1-0: Called Strike
1-1: Swinging Strike
1-2: Strikes out swinging
Batting: RHB Ricky Potthoff 0-0: Ball
1-0: Foul Ball, location: 2F
1-1: Fly out, F8 (Flyball, 8LD, EV 97.5 MPH)
Batting: LHB Clark Norrell 0-0: Called Strike
0-1: Foul Ball, location: 2F
0-2: Ball
1-2: Ball
2-2: Fly out, F8 (Flyball, 8LXD, EV 92.5 MPH)
Bottom of the 5th over - 0 runs, 0 hits, 0 errors, 0 left on base; American Heritage HS 5 - Cullman HS 7
TOP OF THE 6TH
American Heritage HS Patriots batting - Pitching for Cullman HS Cavaliers : RHP Chase Bezy
Batting: LHB Drew Kelly 0-0: SOLO HOME RUN (Flyball, 7D, EV 99.4 MPH), Distance : 390 ft
Batting: RHB Thomas Grant 0-0: Foul Ball, location: 2F
0-1: Foul Ball, location: 2F
0-2: Fly out, F3 (Popup, 3SF, EV 68.8 MPH)
Pinch Hitting: RHB Mark Broomhall 0-0: Called Strike
0-1: Ball
1-1: Ball
2-1: Ball
3-1: Swinging Strike
3-2: Base on Balls
Batting: RHB Avery Pelham 0-0: Ground out 5-3 (Groundball, 56, EV 90.0 MPH)
Mark Broomhall to second
Batting: RHB Colton Corbett 0-0: Called Strike
0-1: Ball
1-1: Called Strike
1-2: Foul Ball, location: 2F
1-2: Ball
2-2: Ball
3-2: Ground out 5-3 (Groundball, 5, EV 91.9 MPH)
Top of the 6th over - 1 run, 1 hit, 0 errors, 1 left on base; American Heritage HS 6 - Cullman HS 7
BOTTOM OF THE 6TH
Cullman HS Cavaliers batting - Pitching for American Heritage HS Patriots : RHP Ed Perry
Now at 2B: Mark Broomhall
Batting: SHB Julian Gilmour 0-0: Foul Ball, location: 2F
0-1: Ball
1-1: Ground out U3 (Groundball, 3, EV 110.0 MPH)
Batting: LHB Chris Johnson 0-0: Ball
1-0: Swinging Strike
1-1: Foul Ball, location: 2F
1-2: Ball
2-2: Ball
3-2: Base on Balls
Batting: LHB Phil Whitney 0-0: Ball
1-0: Called Strike
1-1: Foul Ball, location: 2F
1-2: Strikes out looking
Batting: RHB Max Grady 0-0: Ball
1-0: Ball
2-0: Ball
3-0: Base on Balls
Chris Johnson to second
Pinch Runner at 2nd Cam Kaleel:
Batting: RHB Randall Huerta 0-0: Ball
1-0: Ground out 6-3 (Groundball, 6S, EV 86.9 MPH)
Bottom of the 6th over - 0 runs, 0 hits, 0 errors, 2 left on base; American Heritage HS 6 - Cullman HS 7
TOP OF THE 7TH
American Heritage HS Patriots batting - Pitching for Cullman HS Cavaliers : RHP Chase Bezy
Now in RF: Phillip Scanlon
Batting: LHB Seth Riddle 0-0: Ball
1-0: Ground out 1-3 (Groundball, 13S, EV 73.1 MPH)
Batting: RHB Randy Connor 0-0: Called Strike
0-1: Fly out, F2 (Popup, 2LF, EV 84.4 MPH)
Batting: LHB Johnathon Moore 0-0: Ball
1-0: Ball
2-0: Ground out 4-3 (Groundball, 4, EV 81.9 MPH)
Top of the 7th over - 0 runs, 0 hits, 0 errors, 0 left on base; American Heritage HS 6 - Cullman HS 7
BOTTOM OF THE 7TH
Cullman HS Cavaliers batting - Pitching for American Heritage HS Patriots : RHP Ed Perry
Batting: SHB Joe Harkins 0-0: Ball
1-0: Ball
2-0: Fly out, F7 (Line Drive, 78D, EV 87.5 MPH)
Pinch Hitting: RHB Jamel McKoy 0-0: Fly out, F8 (Flyball, 78M, EV 90.0 MPH)
Batting: RHB Ricky Potthoff 0-0: Ball
1-0: Ball
2-0: Ball
3-0: Called Strike
3-1: Foul Ball, location: 2F
3-2: Ground out 6-3 (Groundball, 6, EV 80.0 MPH)
Bottom of the 7th over - 0 runs, 0 hits, 0 errors, 0 left on base; American Heritage HS 6 - Cullman HS 7
TOP OF THE 8TH
American Heritage HS Patriots batting - Pitching for Cullman HS Cavaliers : RHP Chase Bezy
Now at 3B: Trevor Trock
Batting: RHB Teaghan Munoz 0-0: Foul Ball, location: 2F
0-1: SOLO HOME RUN (Flyball, 7D, EV 107.5 MPH), Distance : 399 ft
Batting: LHB Drew Kelly 0-0: Ground out 6-3 (Groundball, 6, EV 106.2 MPH)
Pinch Hitting: LHB Bradley Rossi 0-0: Ball
1-0: Ball
2-0: Ball
3-0: Called Strike
3-1: Swinging Strike
3-2: Strikes out looking
Batting: RHB Mark Broomhall 0-0: Ball
1-0: Ball
2-0: Ball
3-0: Called Strike
3-1: Ground out 5-3 (Groundball, 56S, EV 62.5 MPH)
Top of the 8th over - 1 run, 1 hit, 0 errors, 0 left on base; American Heritage HS 7 - Cullman HS 7
BOTTOM OF THE 8TH
Cullman HS Cavaliers batting - Pitching for American Heritage HS Patriots : RHP Ed Perry
Pitching: RHP Marvin Shope
Now in RF: Brett Stothard
Batting: LHB Clark Norrell 0-0: Ball
1-0: Swinging Strike
1-1: Called Strike
1-2: Strikes out swinging
Pinch Hitting: RHB Donovan Canziani 0-0: SINGLE (Groundball, 25, EV 67.5 MPH) (infield hit)
Batting: RHB Phillip Scanlon 0-0: Fielders Choice at 2nd, 6-4 (Groundball, 6, EV 76.2 MPH)
Batting: LHB Phil Whitney 0-0: Ball
1-0: Foul Ball, location: 2F
1-1: Foul Ball, location: 2F
1-2: SINGLE (Groundball, 3D, EV 108.1 MPH)
Phillip Scanlon to second
Runner from 2nd tries for 3rd, SAFE, throw by RF made to third
Batting: RHB Max Grady 0-0: Called Strike
0-1: Swinging Strike
0-2: Ball
1-2: Strikes out swinging
Bottom of the 8th over - 0 runs, 2 hits, 0 errors, 2 left on base; American Heritage HS 7 - Cullman HS 7
TOP OF THE 9TH
American Heritage HS Patriots batting - Pitching for Cullman HS Cavaliers : RHP Chase Bezy
Pitching: RHP James Binder
Now in LF: Donovan Canziani
Batting: RHB Avery Pelham 0-0: Foul Ball, location: 2F
0-1: Ball
1-1: Ground out 5-3 (Groundball, 5S, EV 90.6 MPH)
Batting: RHB Colton Corbett 0-0: Ball
1-0: Ball
2-0: Called Strike
2-1: Swinging Strike
2-2: Ground out 6-3 (Groundball, 56, EV 107.5 MPH)
Batting: LHB Seth Riddle 0-0: Ball
1-0: Ball
2-0: Called Strike
2-1: SINGLE (Groundball, 56D, EV 98.8 MPH)
Batting: RHB Randy Connor 0-0: Ball
1-0: Called Strike
1-1: Ball
2-1: Called Strike
2-2: Ball
3-2: Base on Balls
Seth Riddle to second
Batting: LHB Johnathon Moore 0-0: Foul Ball, location: 2F
0-1: SINGLE (Groundball, 4D, EV 106.9 MPH)
Seth Riddle to third
Randy Connor to second
Runner from 3rd tries for Home, SAFE, throw by CF to home
Randy Connor to third
Johnathon Moore to second
Batting: RHB Teaghan Munoz 0-0: Intentional Walk
Batting: LHB Drew Kelly 0-0: Foul Ball, location: 2F
0-1: Foul Ball, location: 2F
0-2: Ball
1-2: Strikes out looking
Top of the 9th over - 1 run, 2 hits, 0 errors, 3 left on base; American Heritage HS 8 - Cullman HS 7
BOTTOM OF THE 9TH
Cullman HS Cavaliers batting - Pitching for American Heritage HS Patriots : RHP Marvin Shope
Pitching: RHP T.J. Littlefield
Now at 3B: Jeremy Lentz
Pinch Hitting: RHB Carter Patton 0-0: Ball
1-0: Foul Ball, location: 2F
1-1: Called Strike
1-2: SINGLE (Groundball, 6D, EV 94.4 MPH)
Batting: SHB Joe Harkins 0-0: Called Strike
0-1: Foul Ball, location: 2F
0-2: Ball
1-2: Ball
2-2: Foul Ball, location: 2F
2-2: Strikes out swinging
Batting: RHB Trevor Trock 0-0: Foul Ball, location: 2F
0-1: Ball
1-1: Foul Ball, location: 2F
1-2: Foul Ball, location: 2F
1-2: Fly out, F7 (Flyball, 78M, EV 82.5 MPH)
Pinch Hitting: RHB Isiah Dominguez 0-0: Ball
1-0: Fly out, F9 (Flyball, 9S, EV 88.1 MPH)
Bottom of the 9th over - 0 runs, 1 hit, 0 errors, 1 left on base; American Heritage HS 8 - Cullman HS 7
Wednesday, April 17th , 2024 - OOTP Baseball 23.10 Build 110